Unix xNetHack Version 7.1.0 - last build Jul 4 2022 02:09:00 (ec8469f2eb63cac24863ec985b09651f3a72bf9f). Game began 2022-07-07 04:47:03, ended 2022-07-07 04:54:24. nmlkj, chaotic male human Wizard k @ # ## ------# |....|# |....|# |#.<.|# |.....# ------ Nmlkj the Conjurer St:9 Dx:15 Co:13 In:18 Wi:9 Ch:11 Chaotic S:332 Dlvl:3 $:34 HP:0(25) Pw:27(27) AC:5 Xp:3/47 T:631 Latest messages: l - an uncursed tin {10}. n - an uncursed lichen corpse {20}. h - an uncursed blindfold {2}. g - a magic marker (1:0) {2}. s - an uncursed magic marker {2}. Moving the altar would be a very bad idea. Moving the altar would be a very bad idea. What do you want to wear? You finish your dressing maneuver. What do you want to eat? It is not so easy to open this tin. You succeed in opening the tin. It smells like newts. Eat it? [yn] (n) y You consume deep fried newt. Eating deep fried food made your fingers very slippery. Your cloak of magic resistance blocks its attack. You begin bashing monsters with your bare hands. You miss the sewer rat. The sewer rat misses! You kill the sewer rat! $ - 4 gold pieces {0}. You descend the stairs. You punch the kobold. The kobold punches you! You kill the kobold! $ - 10 gold pieces {0}. In what direction? h Some pears fall from the tree! A pear misses you. You see here 2 pears. w - 2 pears {4}. You see here a pear. w - a pear {2}. You see here a pear. w - a pear {2}. You hear rumbling in the distance. The kobold lady punches you! You punch the kobold lady. The kobold lady punches you! You punch the kobold lady. The kobold lady punches you! You punch the kobold lady. The kobold lady punches you! You punch the kobold lady. The kobold lady punches you! You punch the kobold lady. You miss the kobold lady. The kobold lady punches you! You die... Major events: Turn 1: nmlkj the chaotic male human Wizard entered the dungeon 469: attained the rank of Conjurer (level 3) 631: killed by a kobold lady Inventory: Inventory: 533/600 weight (20/52 slots) Coins $ - 34 gold pieces {1} Weapons j - a +1 orcish dagger {10} q - a +0 orcish dagger {10} v - a +0 spear {30} u - a +0 wooden long sword {15} a - a blessed +1 quarterstaff {40} Armor r - an uncursed +0 orcish helm (being worn) {23} b - an uncursed +0 cloak of magic resistance (being worn) {8} m - an uncursed +0 ring mail (being worn) {188} Comestibles w - 4 uncursed pears {8} n - an uncursed lichen corpse {20} Scrolls k - a blessed scroll of identify {5} t - an uncursed scroll of water {5} Spellbooks c - a blessed spellbook of force bolt {35} f - an uncursed spellbook of knock {35} e - an uncursed spellbook of light {35} d - a blessed spellbook of magic missile {40} Potions o - an uncursed potion of invisibility {20} Tools h - an uncursed blindfold {2} s - a magic marker (0:39) {2} g - a magic marker (1:0) {2} Nmlkj the Wizard's attributes: Background: You were a Conjurer, a level 3 male human Wizard. You were chaotic, on a mission for Anhur who was opposed by Ptah (lawful) and Thoth (neutral). You were heterosexual. You were in the Dungeons of Doom, on level 3. You entered the dungeon 631 turns ago. It was nighttime. You had 47 experience points, 33 more were needed to attain level 4. Your score was 332 before end-of-game adjustments. Basics: You had 0 out of 25 hit points. You had all 27 energy points (spell power). Your armor class was 5. Your wallet contained 34 zorkmids. Autopickup was on for '$"?+!=/' plus thrown. Final Characteristics: Your strength was 9 (limit:18/100). Your dexterity was 15 (limit:18). Your constitution was 13 (limit:18). Your intelligence was 18 (limit:18). Your wisdom was 9 (limit:18). Your charisma was 11 (limit:18). Final Status: You were not hungry. You were unencumbered. You were bare handed. You were unskilled in bare handed combat. Final Attributes: You were fervently aligned. You were magic-protected. You were warded. You are dead. Miscellaneous: You never encountered a bones level. Total elapsed playing time was 7 minutes and 21 seconds. Vanquished creatures: a hobgoblin a gecko 2 jackals a fox a kobold 2 goblins a sewer rat 4 lichens 4 newts 17 creatures vanquished. No species were genocided or became extinct. Voluntary challenges: You read items or engraved 1 time. You never genocided any monsters. You never polymorphed an object. You never changed form. You never touched an artifact. You used no wishes. You never owned a pet. You never scared an enemy with impunity. You were celibate. You never generated conflict. Achievement: You attained the rank of Conjurer. The Dungeons of Doom: levels 1 to 3 Level 1: A fountain. Level 2: An altar. Level 3: <- You were here. A tree. Final resting place for you, killed by a kobold lady. Game over: __________ / \ / REST \ / IN \ / PEACE \ / \ | nmlkj | | 34 Au | | killed by a | | kobold lady | | | | | | 2022 | *| * * * | * _________)/\\_//(\/(/\)/\//\/|_)_______ Goodbye nmlkj the Wizard... You died in The Dungeons of Doom on dungeon level 3 with 329 points, and 34 pieces of gold, after 631 moves. You were level 3 with a maximum of 25 hit points when you died.